 Dungeon Crawl Stone Soup version 0.17-a0-737-gf0a300a (webtiles) character file.

88 Ngotmuk the Shield-Bearer (level 4, -6/42 HPs)
             Began as a Deep Dwarf Fighter on Apr 25, 2015.
             Mangled by a gnoll
             ... wielding a +0 halberd
              (13 damage)
             ... on level 2 of the Dungeon.
             The game lasted 00:03:18 (1371 turns).

Ngotmuk the Shield-Bearer (Deep Dwarf Fighter)      Turns: 1371, Time: 00:03:18

Health: -6/42      AC:  9    Str: 20    XL:     4   Next: 29%
Magic:  4/4        EV:  7    Int:  9    God:
Gold:   60         SH:  9    Dex: 12    Spells: 0 memorised, 3 levels left

rFire  . . .     SeeInvis .     a - +0 war axe
rCold  . . .     Clarity  .     b - +0 scale mail
rNeg   . . .     SustAb   .     c - +0 shield
rPois  .         Gourm    .     l - +0 helmet
rElec  .         Spirit   .     (no cloak)
rCorr  .         Warding  .     (no gloves)
rMut   .         Stasis   .     g - +0 pair of boots
MR     .....                    (no amulet)
Stlth  ..........               (no ring)
                                (no ring)

@: non-regenerating, not resistant to hostile enchantments, extremely unstealthy
A: damage resistance, recharge devices, sense surroundings 1, slow healing 3
a: Device Recharging


You were on level 2 of the Dungeon.
You were not hungry.

You visited 1 branch of the dungeon, and saw 3 of its levels.

You collected 60 gold pieces.

Inventory:

Hand weapons
 a - a +0 war axe (weapon)
Armour
 b - a +0 scale mail (worn)
 c - a +0 shield (worn)
 g - a +0 pair of boots (worn)
 l - a +0 helmet (worn)
Magical devices
 e - a wand of heal wounds (5)
 t - a wand of slowing (26)
Scrolls
 i - a scroll of enchant weapon {unknown}
 j - a scroll of noise {unknown}
 k - 3 scrolls of identify {unknown}
 m - a scroll of recharging {unknown}
 n - a scroll of amnesia {unknown}
 o - a scroll of enchant armour {unknown}
 q - a scroll of random uselessness {unknown}
 s - a scroll of fog {unknown}
Potions
 d - 4 potions of might
 h - a potion of cancellation {unknown}
 r - a potion of lignification {unknown}
Comestibles
 p - 2 meat rations


   Skills:
 + Level 3.3 Fighting
 + Level 3.0 Axes
 + Level 4.0 Armour
 + Level 4.0 Shields


You had 3 spell levels left.
You didn't know any spells.

Dungeon Overview and Level Annotations

Branches:
Dungeon (3/15)

Altars:
Zin


Innate Abilities, Weirdness & Mutations

You are resistant to damage.
You can recharge devices by infusing magical energy.
You passively map a small area around you.
You do not heal naturally.


Message History

An adder and 4 gnolls come into view.
The gnoll shouts! x3
You hear a shout!
Found 15 gold pieces, a cloak and a meat ration.
Found a stone staircase leading down.
There is a stone staircase leading up here.
You block the gnoll's attack.
You climb upwards.
There is a stone staircase leading down here.
You hit the gnoll.
The gnoll is lightly wounded.
The gnoll hits you with a halberd!
* * * LOW HITPOINT WARNING * * *
You slash the gnoll!
The gnoll is severely wounded.
The gnoll hits you but does no damage.
You barely miss the gnoll.
The gnoll is severely wounded.
The gnoll hits you with a halberd!
You die...

##### #..### #.#
....###(## #.#
.....#(.# #.#
.......## #.#
.......# #.#
.......# #.#
.....#.# #.#
....##.# #.#
#.###..# #@#
#.#...#### #g#
#.#.##...## #.#
#.#.#.....## #.#
...........# #.#
...........# #.#
...#.......# #.#
..........## #.#
..###.....######.#


You could see a gnoll.

Vanquished Creatures
  3 adders (D:2)
  3 oozes (D:1)
  A worm (D:1)
  A ball python (D:2)
  5 bats
  5 giant cockroaches
  A goblin (D:1)
  4 hobgoblins
  3 jackals (D:1)
  A quokka (D:2)
  A giant newt (D:2)
  11 kobolds
  5 rats (D:1)
44 creatures vanquished.

Notes
Turn   | Place    | Note
--------------------------------------------------------------
     0 | D:1      | Ngotmuk, the Deep Dwarf Fighter, began the quest for the Orb.
     0 | D:1      | Reached XP level 1. HP: 20/20 MP: 1/1
     1 | D:1      | Found a runed door.
    19 | D:1      | Reached XP level 2. HP: 20/27 MP: 2/2
    41 | D:1      | Reached XP level 3. HP: 18/34 MP: 3/3
  1047 | D:2      | Found a glowing silver altar of Zin.
  1077 | D:2      | Reached XP level 4. HP: 18/42 MP: 4/4
  1192 | D:2      | Reached skill level 4 in Shields
  1371 | D:2      | Mangled by a gnoll

Action                   |  1- 3 |  4- 6 || total
-------------------------+-------+-------++-------
Melee: War axe           |    79 |    37 ||   116
Evoke: Wand              |       |     1 ||     1
  Eat: Bread ration      |       |     1 ||     1
